 Dungeon Crawl Stone Soup version 0.19-a0-835-gf140595 (webtiles) character file.

4283 rikpant the Fighter (level 10, 0/97 HPs)
             Began as a Gargoyle Berserker on June 28, 2016.
             Was an Elder of Trog.
             Slain by a komodo dragon (13 damage)
             ... on level 9 of the Dungeon on July 1, 2016.
             The game lasted 01:10:11 (7979 turns).

rikpant the Fighter (Gargoyle Berserker)            Turns: 7979, Time: 01:10:12

Health: 0/97       AC: 20    Str: 28    XL:     10   Next: 32%
Magic:  10/10      EV: 11    Int:  9    God:    Trog [****..]
Gold:   217        SH:  0    Dex: 11    Spells: 0 memorised, 9 levels left

rFire  + + .     SeeInvis .     o - +6 flail of Defence {flame, *Confuse rPois rF+ MR+}
rCold  . . .     Gourm    .     H - +0 chain mail
rNeg   + . .     Faith    .     (no shield)
rPois  ∞         Spirit   .     (no helmet)
rElec  +         Dismiss  .     c - +0 cloak
rCorr  .         Reflect  .     K - +0 pair of gloves
SustAt .         Harm     .     (no boots)
MR     +....                    r - amulet of magic regeneration
Stlth  ..........               u - ring of wizardry
                                p - ring of protection from fire

@: berserking, very quick, somewhat resistant to hostile enchantments, extremely
unstealthy
A: agile 1, negative energy resistance 1, electricity resistance, unbreathing,
petrification resistance, rot immunity, AC +7
a: Berserk, Trog's Hand, Brothers in Arms, Burn Spellbooks, Renounce Religion


You were on level 9 of the Dungeon.
You worshipped Trog.
Trog was greatly pleased with you.
You were not hungry.

You visited 1 branch of the dungeon, and saw 9 of its levels.

You collected 319 gold pieces.
You spent 102 gold pieces at shops.

Inventory:

Hand Weapons
 a - a +3 mace
 e - a +0 whip
 n - a cursed -2 flail
 o - the +6 flail of Defence (weapon) {flame, *Confuse rPois rF+ MR+}
   (You found it on level 8 of the Dungeon)

   It has been specially enchanted to burn those struck by it, causing extra
   injury to most foes and up to half again as much damage against particularly
   susceptible opponents.
   It protects you from fire.
   It protects you from poison.
   It affects your resistance to hostile enchantments.
   It may confuse you when you take damage.
 v - a +0 shortbow
 x - a +0 flail
 z - a +0 flail
 E - a +0 spear of distortion
 J - a cursed -3 shortbow
 O - a +0 flail of draining
Missiles
 g - 2 steel tomahawks (quivered)
 w - 117 arrows
 y - 8 tomahawks
Armour
 b - a +0 animal skin
 c - a +0 cloak (worn)
 h - a +1 ring mail
 q - a +0 scale mail
 H - a +0 chain mail (worn)
 K - a +0 pair of gloves (worn)
 P - a cursed +0 chain mail
Magical Staves
 D - an uncursed staff of summoning {unknown}
Jewellery
 p - a ring of protection from fire (left hand)
 r - an amulet of magic regeneration (around neck)
 u - a ring of wizardry (right hand)
 I - an uncursed ring of magical power
 N - a +3 ring of protection {unknown}
Wands
 Q - a wand of acid (8/15)
Scrolls
 j - 2 scrolls of amnesia
 k - 3 scrolls of identify
 l - 9 scrolls of remove curse
 B - a scroll of recharging
 C - a scroll of fog
 M - a scroll of teleportation
Potions
 d - a potion of magic {unknown}
 f - a potion of flight {unknown}
 i - 3 potions of cure mutation
 m - 3 potions of heal wounds
 A - a potion of curing {unknown}
 F - a potion of ambrosia {unknown}
 G - 2 potions of might
 L - a potion of brilliance {unknown}
Books
 s - a book of Unlife

   Spells                             Type                      Level
   a - Recall                         Summoning/Translocation      3
   b - Animate Dead                   Necromancy                   4
   c - Control Undead                 Necromancy                   4
   d - Cigotuvi's Embrace             Necromancy                   5
   e - Death Channel                  Necromancy                   6
   f - Simulacrum                     Ice/Necromancy               6
   Trog disapproves of the use of such an item.
Comestibles
 t - 10 royal jellies


   Skills:
 * Level 8.7 Fighting
 * Level 8.6 Maces & Flails
 + Level 1.1 Polearms
 + Level 0.6 Throwing
 + Level 7.5 Armour
 + Level 6.1 Dodging
 - Level 1.0 Stealth


You had 9 spell levels left.
You didn't know any spells.

Dungeon Overview and Level Annotations

Branches:
Dungeon (9/15)             Temple (0/1) D:5            Lair (0/6) D:9
    Orc: D:9-12

Altars:
Cheibriados
Gozag
Nemelex Xobeh
Okawaru
Qazlal
Trog
Uskayaw
Xom
Yredelemnul
Zin

Shops:
D:5 [%?!   D:7 [


Innate Abilities, Weirdness & Mutations

You are resistant to torment.
Your stone body is resilient. (AC +7)
You are immune to poison.
You resist negative energy. (rN+)
You are resistant to electric shocks. (rElec)
You can survive without breathing.
You are immune to petrification.
You are immune to rotting.
You are agile. (Dex +2)


Message History

You hit the komodo dragon. You burn the komodo dragon.
The komodo dragon is moderately wounded.
The komodo dragon bites you but does no damage.
You thump the komodo dragon! You burn the komodo dragon!
The komodo dragon is severely wounded.
The komodo dragon bites you!
A red film seems to cover your vision as you go berserk!
You feel yourself moving faster!
You feel mighty!
You feel somewhat more hungry. The komodo dragon bites you.
* * * LOW HITPOINT WARNING * * *
You closely miss the komodo dragon.
The komodo dragon is severely wounded.
The komodo dragon bites you!
* * * LOW HITPOINT WARNING * * *
You closely miss the komodo dragon.
The komodo dragon is severely wounded.
You closely miss the komodo dragon.
The komodo dragon is severely wounded.
The komodo dragon bites you!
You die...

#.......#......'....#..#...#
#.......#......#....#..#...#
#####.......####+###....#..#...#
............##.. #.....#..#...#
............##.. ###.....####..#
............##..##.........##..#
............##..#......PP.PP#..#
#####.......####.l..P.P.PPPP#..#
....#.......#...@...PPP..PPP#..#
##..#########....P.PPP..>.PP#..#
................#PPPPPPP..PP#..#
................##PPPPPPPPP##..#
................#############..#
...............>...............#
...............................#
...............................#
################################


You could see a komodo dragon.

Vanquished Creatures
  A human (shapeshifter) (D:8)
  2 hungry ghosts
  2 vampire mosquitoes (D:9)
  A steam dragon (D:7)
  A water moccasin (D:6)
  A phantom (D:4)
  2 orc warriors
  An ice beast (D:5)
  A necrophage (D:8)
  4 centaurs
  7 ogres
  4 giant frogs
  A scorpion (D:4)
  The ghost of TooMuchDog the Ruffian, a weakling TrMo (D:3)
  7 killer bees
  5 electric eels (D:6)
  A howler monkey (D:6)
  4 crimson imps
  6 jellies
  2 centaur skeletons
  A hound (D:6)
  5 iguanas
  5 orc wizards
  A killer bee zombie (D:9)
  7 worker ants
  A hound zombie (D:7)
  A howler monkey zombie (D:7)
  6 adders
  5 oozes (D:9)
  4 worms
  4 dart slugs
  7 giant geckos
  21 orcs
  2 giant cockroaches
  5 goblins
  7 hobgoblins
  7 jackals
  3 quokkas
  A ball python (D:1)
  4 bats
  A giant gecko zombie (D:5)
  3 giant newts
  4 kobolds (D:1)
  A quokka zombie (D:9)
  7 rats
167 creatures vanquished.

Vanquished Creatures (others)
  A sky beast (D:5)
  A worker ant (D:5)
  An adder (D:5)
  2 plants (D:9)
5 creatures vanquished.

Grand Total: 172 creatures vanquished

Notes
Turn   | Place    | Note
--------------------------------------------------------------
     0 | D:1      | rikpant the Gargoyle Berserker began the quest for the Orb.
     0 | D:1      | Reached XP level 1. HP: 14/14 MP: 1/1
    68 | D:1      | HP: 1/21 [hobgoblin/whip (1)]
   183 | D:1      | Reached XP level 2. HP: 8/19 MP: 2/2
   974 | D:2      | You fall through a shaft for 2 floors!
   989 | D:4      | Reached XP level 3. HP: 8/24 MP: 3/3
  1097 | D:3      | Reached XP level 4. HP: 29/29 MP: 4/4
  1212 | D:3      | Reached ** piety under Trog
  1296 | D:3      | Noticed TooMuchDog's ghost (weakling TrMo)
  1309 | D:3      | Killed TooMuchDog's ghost
  1309 | D:3      | Reached XP level 5. HP: 14/33 MP: 5/5
  1646 | D:3      | Noticed a centaur
  1661 | D:3      | Killed a centaur
  1661 | D:3      | Reached skill level 1 in Stealth
  1661 | D:3      | Reached XP level 6. HP: 19/39 MP: 6/6
  2449 | D:4      | Found a basalt altar of Yredelemnul.
  2482 | D:4      | Noticed a phantom
  2523 | D:4      | Killed a phantom
  2523 | D:4      | Reached XP level 7. HP: 27/44 MP: 7/7
  2591 | D:4      | Upgraded the game from 0.19-a0-812-g33f3bc8 to 0.19-a0-835-gf140595
  3008 | D:5      | Entered Level 5 of the Dungeon
  3008 | D:5      | Found a staircase to the Ecumenical Temple.
  3055 | D:5      | Found a sparkling altar of Nemelex Xobeh.
  3128 | D:5      | Noticed a water elemental
  3134 | D:5      | Found a stormy altar of Qazlal.
  3138 | D:5      | Noticed an air elemental
  3138 | D:5      | Noticed a fire elemental
  3155 | D:5      | Found Moedacoa's Distillery.
  3175 | D:5      | Bought a potion of heal wounds for 70 gold pieces
  3207 | D:5      | Found a shimmering altar of Xom.
  3222 | D:5      | Found a snail-covered altar of Cheibriados.
  3251 | D:5      | Reached skill level 5 in Fighting
  3251 | D:5      | Reached skill level 5 in Maces & Flails
  3455 | D:5      | Found a glowing silver altar of Zin.
  3506 | D:5      | Found Egon's Food Shop.
  3511 | D:5      | Found Wyme's Magic Scroll Boutique.
  3513 | D:5      | Bought a beef jerky for 16 gold pieces
  3513 | D:5      | Bought a beef jerky for 16 gold pieces
  3562 | D:5      | Reached XP level 8. HP: 10/50 MP: 8/8
  3612 | D:5      | Found Zatinwim's Armour Shop.
  3615 | D:5      | Found a bloodstained altar of Trog.
  4141 | D:6      | HP: 2/51 [ogre/giant club (11)]
  4395 | D:6      | Reached skill level 1 in Polearms
  4490 | D:6      | Reached *** piety under Trog
  4500 | D:6      | Reached skill level 5 in Armour
  4500 | D:6      | Reached skill level 5 in Dodging
  5388 | D:7      | Found Coabbeing's Antique Armour Boutique.
  5473 | D:7      | Reached XP level 9. HP: 56/56 MP: 9/9
  6931 | D:8      | Reached **** piety under Trog
  6955 | D:8      | Got a faintly glowing flail
  6956 | D:8      | Identified the +6 flail of Defence {flame, *Confuse rPois rF+ MR+} (You found it on level 8 of the Dungeon)
  7013 | D:8      | Reached XP level 10. HP: 64/64 MP: 10/10
  7128 | D:8      | Found a hide-covered altar of Uskayaw.
  7179 | D:8      | Gained mutation: You are agile. (Dex +2) [mutagenic meat]
  7200 | D:8      | Found an opulent altar of Gozag.
  7336 | D:8      | Found an iron altar of Okawaru.
  7832 | D:9      | Found a staircase to the Lair.
  7979 | D:9      | Slain by a komodo dragon

Vault maps used:
D:1:      evilmike_arrival_crescent
D:2:      ecumenical_altar_2, serial_park_tiny_pond, minmay_newt_pond,
          uniq_terence, uniq_crazy_yiuf_cottage
D:3:      minmay_misc_feat_chi
D:4:      yredelemnul_altar_generic, kennysheep_decorative_pillar,
          kennysheep_generic_room_6
D:5:      bloody_trog, zin_scriptorium, nicolae_overflow_crystal_walls,
          nicolae_qazlal_style_of_elements, serial_shops, shop, shop, shop,
          shop, first_bread, basic_altar, grunt_ministairs_3,
          kennysheep_slug_shrine
D:6:      nrook_mini_vaults, kennysheep_boxes
D:7:      serial_shops, nicolae_shop_waterfront, kennysheep_generic_room_10
D:8:      kennysheep_little_box, lemuel_crystal_altar, basic_altar
D:9:      david_lair_shrubbed, hangedman_little_slice_of_home

Skill      XL: |  1  2  3  4  5  6  7  8  9 10 |
---------------+-------------------------------+-----
Dodging        | 2 3 4 5 6 |  6.1
Fighting       | 4 5 6 8 |  8.7
Maces & Flails | 4 5 6 7 8 |  8.6
Armour         | 3 4 5 6 7 |  7.5
Stealth        | 1 |  1.0
Polearms       | 1 |  1.1
Throwing       | |  0.6

Action                   |  1- 3 |  4- 6 |  7- 9 | 10-12 || total
-------------------------+-------+-------+-------+-------++-------
Melee: Mace              |    91 |   158 |   294 |       ||   543
       Spear             |       |       |    42 |       ||    42
       Flail             |       |       |    84 |    92 ||   176
Throw: Tomahawk          |       |       |     3 |       ||     3
Invok: Berserk           |     2 |     2 |    10 |     1 ||    15
       Trog's Hand       |       |     1 |       |       ||     1
  Use: Scroll            |     4 |    10 |    12 |       ||    26
       Potion            |       |       |     1 |       ||     1
 Stab: Distracted        |       |       |       |     1 ||     1
  Eat: Meat ration       |     1 |       |     2 |     1 ||     4
       Beef jerky        |       |     1 |     4 |       ||     5
       Fruit             |       |     1 |     3 |       ||     4
       Bread ration      |       |     1 |     4 |       ||     5
       Chunk             |       |       |     5 |     2 ||     7
       Pizza             |       |       |     2 |       ||     2
Armor: Animal skin       |    33 |       |       |       ||    33
       Ring mail         |     1 |    87 |    70 |       ||   158
       Chain mail        |       |       |   143 |    47 ||   190
Dodge: Dodged            |    67 |    84 |   259 |    45 ||   455
